 Dungeon Crawl Stone Soup version 0.20-a0-941-gba1b1f9 (webtiles) character file.

63 TheGoonsmith the Cudgeler (level 4, 0/28 HPs)
             Began as a Gargoyle Gladiator on Apr 1, 2017.
             Slain by a hobgoblin (6 damage)
             ... led by Robin
             ... on level 1 of the Dungeon.
             The game lasted 00:02:47 (1165 turns).

TheGoonsmith the Cudgeler (Gargoyle Gladiator)      Turns: 1165, Time: 00:02:47

Health: 0/28       AC:  8    Str: 19    XL:     4   Next: 9%
Magic:  4/4        EV: 12    Int:  8    God:
Gold:   33         SH:  0    Dex: 11    Spells: 3/3 levels left

rFire    . . .     SeeInvis .   a - +0 flail
rCold    . . .     Gourm    .   (no shield)
rNeg     + . .     Faith    .   b - +0 leather armour
rPois    ∞         Spirit   .   c - +0 helmet
rElec    +         Reflect  .   (no cloak)
rCorr    .         Harm     .   k - +0 pair of gloves
MR       .....                  (no boots)
Stlth    +.........             (no amulet)
Regen    0.1/turn               (no ring)
MPRegen  0.1/turn               (no ring)

@: no status effects
A: negative energy resistance 1, electricity resistance, unbreathing,
petrification resistance, rot immunity, AC +3
a: no special abilities


You were on level 1 of the Dungeon.
You were not hungry.

You visited 1 branch of the dungeon, and saw 2 of its levels.

You collected 33 gold pieces.

Inventory:

Hand Weapons
 a - a +0 flail (weapon)
Missiles
 d - 3 throwing nets (quivered)
 j - 4 tomahawks
Armour
 b - a +0 leather armour (worn)
 c - a +0 helmet (worn)
 k - a +0 pair of gloves (worn)
Scrolls
 e - a scroll of noise {unknown}
 i - 2 scrolls of remove curse {unknown}
 m - a scroll of teleportation {unknown}
Potions
 g - a potion of curing {unknown}
 h - a potion of ambrosia {unknown}
 l - 2 potions of might {unknown}
Comestibles
 f - a bread ration
 n - 3 chunks of flesh
 o - a royal jelly


   Skills:
 + Level 3.1 Fighting
 * Level 4.3 Maces & Flails
 - Level 1.7 Throwing
 - Level 2.4 Dodging


You had 3 spell levels left.
You didn't know any spells.

Dungeon Overview and Level Annotations

Branches:
Dungeon (2/15)

Altars:
Ru

Annotations:
D:2 Robin


Innate Abilities, Weirdness & Mutations

You are resistant to torment.
Your stone body is resilient. (AC +3)
You are immune to poison.
You resist negative energy. (rN+)
You are resistant to electric shocks. (rElec)
You can survive without breathing.
You are immune to petrification.
You are immune to rotting.


Message History

You are too injured to fight recklessly!
You sock the adder!
You kill the adder!
You have reached level 4!
You feel stronger. The goblin hits you but does no damage.
The hobgoblin closely misses you. The goblin hits you but does no damage.
You hit the goblin.
The goblin is moderately wounded.
The hobgoblin hits you. The goblin hits you but does no damage.
The goblin closely misses you.
You miss the goblin.
The goblin is moderately wounded.
The hobgoblin hits you.
* * * LOW HITPOINT WARNING * * *
The goblin closely misses you. The goblin barely misses you.
You sock the goblin!
You kill the goblin!
The hobgoblin hits you.
You die...

....PP♣......(#####.P###.#.#
...#.P[♣PP.........P.P...#.#
##....P♣♣P....###..P♣P..##.#
#...............PP♣♣♣P...P##
##(......PP...###...♣.P.P...##
....).....##### #...♣♣.PP♣P.P#
..........########..P.P..♣♣P.#
.......÷#......)g##.#..PP♣..##
................@##......P.P#
.###.####.......†g.##....P.##
.###.# #.###......##)######
...#.# #.# #......##.# ...#.# #.#
#......##.# #### ...#.####.#
#......##.# #...
+#.P......###......##.# ####
..P♣P............####.#
..PP.P...############.###########


You could see a hobgoblin and a goblin.

Vanquished Creatures
  2 adders
  A leopard gecko (D:1)
  4 giant cockroaches
  8 goblins
  8 hobgoblins
  2 jackals (D:1)
  2 kobolds (D:1)
  5 bats
  3 frilled lizards (D:1)
  4 rats
39 creatures vanquished.

Notes
Turn   | Place    | Note
-------+----------+-------------------------------------------
     0 | D:1      | TheGoonsmith the Gargoyle Gladiator began the quest for the Orb.
     0 | D:1      | Reached XP level 1. HP: 12/12 MP: 1/1
    94 | D:1      | Reached XP level 2. HP: 16/18 MP: 2/2
   457 | D:1      | Reached XP level 3. HP: 22/22 MP: 3/3
   937 | D:2      | Reached skill level 4 in Maces & Flails
   947 | D:2      | Found a sacrificial altar of Ru.
   991 | D:2      | Noticed Robin
  1162 | D:1      | Reached XP level 4. HP: 14/28 MP: 4/4
  1165 | D:1      | Slain by a hobgoblin

Vault maps used:
D:1:      lightli_arrival_maybe_door_vault, serial_forest,
          infiniplex_forest_clump_double, infiniplex_forest_clump_medium,
          infiniplex_forest_lined_room_3, infiniplex_forest_clump_curved,
          infiniplex_forest_clump_cross, infiniplex_forest_clump_diagonal,
          infiniplex_forest_clump_long
D:2:      lemuel_doored_altar, chequers_ecumenical_altar_simple_redux,
          first_bread, due_unseen_surprise, uniq_jessica, uniq_sigmund,
          uniq_robin

Skill      XL: |  1  2  3 |
---------------+----------+-----
Maces & Flails | 4 |  4.3
Fighting       | 3 |  3.1
Throwing       | |  1.7
Dodging        | |  2.4

Action                   |  1- 3 |  4- 6 || total
-------------------------+-------+-------++-------
Melee: Flail             |   113 |     3 ||   116
  Eat: Chunk             |     1 |       ||     1
Armor: Leather armour    |    43 |     3 ||    46
Dodge: Dodged            |    80 |     4 ||    84
